 Dungeon Crawl Stone Soup version 0.27-a0-1186-g8b4daa1eef (webtiles) character file.

Game seed: 7511846928201430285

88 freelancePsychic the Magician (level 4, -1/33 HPs)
             Began as a Djinni Fire Elementalist on May 19, 2021.
             Was a Follower of Ru.
             Slain by an adder (2 damage)
             ... on level 4 of the Dungeon.
             The game lasted 00:07:13 (4328 turns).

freelancePsychic the Magician (DjFE)                Turns: 4328, Time: 00:07:14

Health: -1/33      AC:  2    Str:  7    XL:     4   Next: 81%
Gold:   99         EV:  9    Int: 18    God:    Ru [*.....] SH:  0 Dex: 13

rFire    + + .     SeeInvis .   (no weapon)
rCold    x . .     Faith    .   (no shield)
rNeg     . . .     Spirit   .   a - +0 robe
rPois    ∞         Reflect  .   (no helmet)
rElec    .         Harm     .   (no cloak)
rCorr    .         Rampage  .   (no gloves)
Will     .....                  (boots unavailable)
Stlth    ++........             (no amulet)
HPRegen  0.11/turn              (no ring)
MPRegen  0.00/turn              (no ring)

@: unable to drink, flying, constricted
A: no potions, sickness immunity, fire resistance 2, cold vulnerability 1,
inability to drink while threatened, float, innate caster, hp casting, extra
vitality 1
a: Renounce Religion


You were on level 4 of the Dungeon.
You worshipped Ru.
Ru was aware of your devotion.
You visited 1 branch of the dungeon, and saw 4 of its levels.

You collected 99 gold pieces.

Inventory:

Armour
 a - a +0 robe (worn)
Jewellery
 l - a ring of resist corrosion
Wands
 f - a wand of flame (22)
Scrolls
 b - a scroll of noise {unknown}
 c - 2 scrolls of enchant armour
 g - a scroll of amnesia {unknown}
 i - a scroll of summoning {unknown}
 k - a scroll of torment {unknown}
 m - a scroll of enchant weapon {unknown}
 n - a scroll of immolation {unknown}
Potions
 d - a potion of attraction {unknown}
 e - 2 potions of curing {@q1}
 h - a potion of resistance {unknown}
 j - a potion of cancellation {unknown}


   Skills:
 + Level 1.8 Fighting
 - Level 2.4 Dodging
 - Level 1.8 Stealth
 * Level 3.4 Spellcasting


You couldn't memorise any spells.
You knew the following spells:

 Your Spells              Type           Power      Damage    Failure   Level
a - Foxfire               Conj/Fire      60%        2x1d7     3%          1
b - Conjure Flame         Conj/Fire      15%        6-21      11%         3
c - Inner Flame           Hex/Fire       15%        N/A       11%         3
d - Sticky Flame          Conj/Fire      15%        2d4       36%         4
e - Fireball              Conj/Fire      7%         3d5       71%         5
f - Magic Dart            Conj           60%        1d6       3%          1
Your spell library was empty.

Dungeon Overview and Level Annotations

Branches:
Dungeon (4/15)
 Temple: D:4-7

Altars:
Ru

Shops:
D:4 **


Innate Abilities, Weirdness & Mutations

You cannot drink.
You are immune to sickness and miasma.
You are immune to poison.
Your flesh is very heat resistant. (rF++)
You are vulnerable to cold. (rC-)
You sometimes lose the ability to drink potions when taking damage.
You float through the air rather than walking.
You learn spells naturally, not from books.
Your magical power is your life essence.
You have superior vitality. (+4 HP)


Message History

The ball python constricts you.
You closely miss the adder.
The adder is heavily wounded.
The foxfire hits the adder.
The adder is almost dead.
The adder bites you. The ball python loses its grip on you.
Casting: Foxfire (safe; 3% risk of failure)
Confirm with . or Enter, or press ? or * to list all spells.
You conjure some foxfire!
The adder closely misses you. The adder bites you. x2
The foxfire hits the adder but does no damage.
The adder is severely wounded.
You can drink potions again.
Your magical contamination has completely faded away.
The adder closely misses you.
Casting: Foxfire (safe; 3% risk of failure)
Confirm with . or Enter, or press ? or * to list all spells.
You conjure some foxfire!
The adder completely misses you. The adder bites you.
You feel threatened and lose the ability to drink potions!
Casting: Foxfire (safe; 3% risk of failure)
Confirm with . or Enter, or press ? or * to list all spells.
You conjure some foxfire!
The foxfire hits the adder.
The adder is lightly wounded.
The foxfire hits the adder.
The adder is moderately wounded.
The adder barely misses you. The adder bites you.
* * * LOW HITPOINT WARNING * * *
Casting: Foxfire (safe; 3% risk of failure)
Confirm with . or Enter, or press ? or * to list all spells.
You conjure some foxfire!
* * * LOW HITPOINT WARNING * * *
The foxfire hits the adder but does no damage.
The adder is moderately wounded.
The adder misses you. The ball python bites you.
* * * LOW HITPOINT WARNING * * *
The ball python grabs you.
* * * LOW HITPOINT WARNING * * *
The ball python constricts you. The adder bites you.
* * * LOW HITPOINT WARNING * * *
The adder bites you.
You die...

.###.####....#
#∩............ .# #.#
#..### #............. .#
#.# #..# #.......######
.# #.# #..# #.......# .#
#.# #..# #.......# .# #.#
#..# #.....†.# .# #.#
#..# #.......# .# #.#
#..#############
.###.####..##..v@S#######
................SS......+
##########....###.#######
........##### #.#
#######.# #.# #.# #.# #.#
#.# #.# #.# #.# #.#


You could see 2 adders and a ball python.

Vanquished Creatures
  An adder (D:4)
  An orc (D:3)
  8 endoplasms
  A giant cockroach (D:3)
  9 goblins
  6 hobgoblins
  10 jackals
  8 kobolds
  A quokka (D:4)
  11 ball pythons
  2 bats
  5 frilled lizards
  6 rats
69 creatures vanquished.

Vanquished Creatures (others)
  327 foxfires
327 creatures vanquished.

Grand Total: 396 creatures vanquished

Notes
Turn   | Place    | Note
-------+----------+-------------------------------------------
     0 | D:1      | freelancePsychic the Djinni Fire Elementalist began the
                  | quest for the Orb.
     0 | D:1      | Reached XP level 1. HP: 15/15 MP: 0/0
   205 | D:1      | Reached XP level 2. HP: 12/21 MP: 0/0
   479 | D:1      | Found a faded altar of an unknown god.
   490 | D:1      | Became a worshipper of Ru the Awakened
   549 | D:1      | Gained mutation: You sometimes lose the ability to drink
                  | potions when taking damage. [Ru sacrifice]
   549 | D:1      | Reached * piety under Ru
   616 | D:1      | Reached XP level 3. HP: 13/26 MP: 0/0
   616 | D:1      | Learned a level 1 spell: Magic Dart
  1238 | D:1      | Reached skill level 1 in Fighting
  1267 | D:1      | Reached skill level 3 in Spellcasting
  2245 | D:2      | Reached XP level 4. HP: 27/32 MP: 0/0
  4056 | D:4      | Found Gyafiy's Assorted Antiques.
  4201 | D:4      | Found Gesodoly's Assorted Antiques.
  4328 | D:4      | HP: 1/33 [adder (3)]
  4328 | D:4      | Slain by an adder

Illustrated notes

Levels and vault maps discovered:
D:1:      enne_arrival_octagon_isle, layout_basic, basic_ecumenical_altar,
          minmay_unequal
D:2:      layout_basic
D:3:      layout_basic
D:4:      layout_basic, kennysheep_mini, serial_shops, shop, shop,
          shop_fountains

Skill      XL: |  1  2  3 |
---------------+----------+-----
Fighting       | 1 |  1.8
Spellcasting   | 3 |  3.4
Dodging        | |  2.4
Stealth        | |  1.8

Action                   |  1- 3 |  4- 6 || total
-------------------------+-------+-------++-------
Melee: Unarmed           |       |     3 ||     3
 Cast: Foxfire           |   111 |    96 ||   207
Invok: Sacrifice Drink   |     1 |       ||     1
  Use: Scroll            |       |     2 ||     2
Armor: Robe              |       |     2 ||     2
Dodge: Dodged            |     4 |    26 ||    30

Table legend: (Time is in decaauts)
 A = Elapsed time spent in this place.
 B = Non-inter-level travel time spent in this place.
 C = Inter-level travel time spent in this place.
 D = Time resting spent in this place.
 E = Time spent auto-exploring this place.
 F = Levels seen in this place.
 G = Mean time per level.
                   A        B        C        D        E       F      G
               +--------+--------+--------+--------+--------+-----+--------+
         Total |   4327 |   4280 |     47 |     47 |   3854 |   4 | 1081.8 |
       Dungeon |   4327 |   4280 |     47 |     47 |   3854 |   4 | 1081.8 |
               +--------+--------+--------+--------+--------+-----+--------+

Top non-repeatable levels by time:
     D:1: 1708 daAuts
     D:3: 1064 daAuts
     D:2: 1054 daAuts
     D:4: 499 daAuts
